 Dungeon Crawl Stone Soup version 0.18.1-8-gdd0e5ea (webtiles) character file.

140 Ordine the Cudgeler (level 5, -1/50 HPs)
             Began as an Ogre Warper on May 23, 2016.
             Slain by Quirk's ghost (8 damage)
             ... on level 3 of the Dungeon.
             The game lasted 00:15:00 (2484 turns).

Ordine the Cudgeler (Ogre Warper)                   Turns: 2484, Time: 00:15:01

Health: -1/50      AC:  4    Str: 16    XL:     5   Next: 22%
Magic:  10/11      EV: 10    Int: 13    God:
Gold:   88         SH:  0    Dex:  9    Spells: 4 memorised, 4 levels left

rFire  . . .     SeeInvis .     a - +1 mace
rCold  . . .     Gourm    .     b - +1 robe
rNeg   . . .     Faith    .     (no shield)
rPois  .         Spirit   .     (helmet restricted)
rElec  .         Dismiss  .     (no cloak)
rCorr  .         Reflect  .     (gloves unavailable)
SustAt .         Harm     .     (boots unavailable)
MR     .....                    (no amulet)
Stlth  +.........               (no ring)
                                (no ring)

@: not resistant to hostile enchantments, very unstealthy
A: unfitting armour, tough skin 1
a: no special abilities


You were on level 3 of the Dungeon.
You were not hungry.

You visited 1 branch of the dungeon, and saw 3 of its levels.

You collected 88 gold pieces.

Inventory:

Hand Weapons
 a - a +1 mace (weapon)
 o - a +0 morningstar
Missiles
 e - 5 tomahawks of dispersal (quivered)
Armour
 b - a +1 robe (worn)
Scrolls
 d - a scroll of blinking
 h - a scroll of fog
Potions
 g - a potion of curing {unknown}
 i - a potion of invisibility
 j - a potion of agility
 k - 2 potions of haste
 l - a potion of lignification {unknown}
 n - a potion of might
 p - 2 potions of ambrosia {unknown}
Books
 c - a book of Spatial Translocations

   Spells                             Type                      Level
   a - Apportation                    Translocation                1
   b - Blink                          Translocation                2
   c - Shroud of Golubria             Charms/Translocation         2
   d - Portal Projectile              Translocation                3
   e - Teleport Other                 Translocation                3
   f - Passage of Golubria            Translocation                4
Comestibles
 f - 3 bread rations


   Skills:
 - Level 2.6 Fighting
 + Level 5.2 Maces & Flails
 - Level 1.0 Throwing
 - Level 2.1 Dodging
 + Level 4.4 Spellcasting
 - Level 2.1 Translocations


You had 4 spell levels left.
You knew the following spells:

 Your Spells              Type           Power        Failure   Level  Hunger
a - Apportation           Tloc           #.........   10%         1    None
b - Blink                 Tloc           N/A          14%         2    ##.....
c - Shroud of Golubria    Chrm/Tloc      #.........   21%         2    ##.....
d - Portal Projectile     Tloc           #.....       28%         3    ###....


Dungeon Overview and Level Annotations

Branches:
Dungeon (3/15)

Altars:
Ru

Annotations:
D:3 Quirk's ghost, amateur DsGl


Innate Abilities, Weirdness & Mutations

You are too large for most types of armour.
You have tough skin (AC +1).


Message History

Quirk's ghost hits you!
Your shroud falls apart!
You hit Quirk's ghost.
Quirk's ghost is moderately damaged.
Quirk's ghost closely misses you.
You hit Quirk's ghost.
Quirk's ghost is heavily damaged.
Quirk's ghost hits you.
You miss Quirk's ghost.
Quirk's ghost is heavily damaged.
Quirk's ghost closely misses you.
You hit Quirk's ghost but do no damage.
Quirk's ghost is heavily damaged.
Quirk's ghost hits you!
You closely miss Quirk's ghost.
Quirk's ghost is heavily damaged.
Quirk's ghost hits you!
* * * LOW HITPOINT WARNING * * *
Quirk's ghost hits you!
You die...

#...# .. ## ## ..#
..... ..#. ######
#.... .....
.....######.#.#.##...#
####.#....#.#.#......#
#
#)#....#.#.#..#.#.#.#
# #.#....#.#.#........
#.#....#.....W..##.?.
##......#.....@.....>.
#................#.##.
#....................
#..........########.#
#..........# #
#..........#
#..........#
#....#.###.# ......#.#
#.#


You could see Quirk's ghost.

Vanquished Creatures
  2 orc wizards
  3 adders (D:2)
  A worm (D:2)
  2 dart slugs (D:1)
  3 giant geckos (D:1)
  2 orcs (D:3)
  3 giant cockroaches
  5 hobgoblins
  4 jackals (D:1)
  A ball python (D:1)
  7 bats
  2 giant newts (D:1)
  4 goblins
  7 kobolds
  6 rats
52 creatures vanquished.

Notes
Turn   | Place    | Note
--------------------------------------------------------------
     0 | D:1      | Ordine the Ogre Warper began the quest for the Orb.
     0 | D:1      | Reached XP level 1. HP: 22/22 MP: 3/3
   205 | D:1      | Reached skill level 3 in Maces & Flails
   694 | D:1      | Reached XP level 2. HP: 26/29 MP: 5/5
  1044 | D:1      | Learned a level 2 spell: Blink
  1047 | D:1      | Learned a level 2 spell: Shroud of Golubria
  1070 | D:1      | Reached skill level 4 in Maces & Flails
  1070 | D:1      | Reached XP level 3. HP: 36/36 MP: 7/7
  1549 | D:2      | Learned a level 3 spell: Portal Projectile
  1604 | D:2      | Reached XP level 4. HP: 39/44 MP: 7/9
  1668 | D:2      | Found a sacrificial altar of Ru.
  2176 | D:3      | Reached skill level 5 in Maces & Flails
  2218 | D:3      | Reached XP level 5. HP: 37/50 MP: 11/11
  2467 | D:3      | Noticed Quirk's ghost (amateur DsGl)
  2484 | D:3      | Slain by Quirk's ghost

Skill      XL: |  1  2  3  4 |
---------------+-------------+-----
Maces & Flails | 3 4 5 |  5.2
Spellcasting   | 3 4 |  4.4
Fighting       | |  2.6
Throwing       | |  1.0
Dodging        | |  2.1
Translocations | |  2.1

Action                   |  1- 3 |  4- 6 || total
-------------------------+-------+-------++-------
Melee: Mace              |   114 |    86 ||   200
 Cast: Shroud of Golubri |       |     2 ||     2
  Use: Potion            |     1 |       ||     1
       Scroll            |     7 |     4 ||    11
 Stab: Paralysed         |       |     1 ||     1
  Eat: Chunk             |     2 |     3 ||     5
Armor: Robe              |    31 |    26 ||    57
Dodge: Dodged            |    69 |    55 ||   124
